 Dungeon Crawl Stone Soup version 0.28.0-47-ge53b351184 (webtiles) character file.

Game seed: 2954144667979039759

73 klau3 the Ducker (level 4, 0/33 HPs)
             Began as a Human Gladiator on May 3, 2022.
             Succumbed to an adder's poison
             ... on level 2 of the Dungeon.
             The game lasted 00:05:57 (1919 turns).

klau3 the Ducker (Human Gladiator)                  Turns: 1919, Time: 00:05:57

Health: 0/33       AC:  6    Str: 15    XL:     4   Next: 51%
Magic:  4/4        EV: 10    Int: 10    God:
Gold:   47         SH:  7    Dex: 14    Spells: 3/3 levels left

rFire   . . .      SeeInvis .   p - +0 mace (protect)
rCold   . . .      Faith    .   n - +0 kite shield
rNeg    . . .      Spirit   .   m - +0 leather armour
rPois   .          Reflect  .   A - +2 helmet
rElec   .          Harm     .   (no cloak)
rCorr   .          Rampage  .   (no gloves)
Will    +....                   (no boots)
Stlth   +.........              (no amulet)
HPRegen 0.11/turn               v - ring of willpower
MPRegen 0.09/turn               (no ring)

@: lethally poisoned (0 -> -1)
A: no striking features
a: no special abilities


You were on level 2 of the Dungeon.
You visited 1 branch of the dungeon, and saw 3 of its levels.

You collected 47 gold pieces.

Inventory:

Hand Weapons
 a - a +0 rapier
 h - a +0 dagger
 j - a +0 club
 p - a +0 mace of protection (weapon)
Missiles
 d - 3 throwing nets (quivered)
 f - 91 stones
 g - 15 arrows
 i - 14 bolts
 w - 16 sling bullets
Armour
 b - a +0 leather armour
 c - a +0 helmet
 m - a +0 leather armour (worn)
 n - a +0 kite shield (worn)
 A - a +2 helmet (worn)
Jewellery
 v - a ring of willpower (left hand)
Wands
 z - a wand of iceblast (9)
Scrolls
 e - a scroll of vulnerability {unknown}
 k - a scroll of magic mapping {unknown}
 o - a scroll of teleportation {unknown}
 u - a scroll of identify {unknown}
 x - a scroll of immolation {unknown}
 y - a scroll of noise {unknown}
Potions
 l - a potion of brilliance {unknown}
 q - a potion of curing {unknown}
 r - a potion of degeneration {unknown}
 s - a potion of invisibility {unknown}
 t - a potion of cancellation {unknown}


   Skills:
 + Level 2.2 Fighting
 + Level 3.2 Short Blades
 + Level 1.5 Maces & Flails
 + Level 2.1 Throwing
 + Level 1.8 Armour
 + Level 3.4 Dodging
 + Level 0.2 Shields


You had 3 spell levels left.
You didn't know any spells.
Your spell library was empty.

Dungeon Overview and Level Annotations

Branches:
Dungeon (3/15)

Altars:

Annotations:
D:2 1 runed translucent door, Crazy Yiuf


Message History

The adder is moderately wounded.
You block the adder's attack. x2
You hit the adder but do no damage.
The adder is moderately wounded.
The adder barely misses you. The adder bites you but does no damage.
You hit the adder.
The adder is heavily wounded.
The adder bites you.
* * * LOW HITPOINT WARNING * * *
You are lethally poisoned!
The adder poisons you! The adder closely misses you.
* * * LOW HITPOINT WARNING * * *
You feel sick. The adder closely misses you.
You closely miss the adder.
The adder is heavily wounded.
* * * LOW HITPOINT WARNING * * *
You feel sick. The adder completely misses you. The adder barely misses you.
Aiming: Iceblast
Press: ? - help, Q - select action, (/) - cycle Shift-Dir - straight line, f - adder
Aim: an adder (heavily wounded) That beam is likely to hit you.
Continue anyway?
Okay, then.
Unknown command.
Okay, then.
Aiming: Iceblast
Press: ? - help, Q - select action, (/) - cycle Shift-Dir - straight line, f/p - adder
Aim: an adder (heavily wounded) That beam is likely to hit you.
Continue anyway?
Uppercase [Y]es or [N]o only, please.
That beam is likely to hit you.
Continue anyway?
The mass of ice explodes!
The iceblast engulfs the adder!
You kill the adder!
The iceblast engulfs you but does no damage.
* * * LOW HITPOINT WARNING * * *
You feel sick.
* * * LOW HITPOINT WARNING * * *
You feel sick.
* * * LOW HITPOINT WARNING * * *
You feel sick.
You die...

..##..##..###..##################
..##.รท##).#
#..##................ ..........#
#..##.############### .###.###.##
#..##.# # .# #.# #.# #..##.# # .#
#.# #.# #..##.# # .# #.###.#
#.....# # .# #.....# ##.#### # .#
####### #..@.# # .# ####.# # .#
#.# ### .# #># #.. .# #.# #.. .#
########.# #.. .# #........######
#.. .# #.#.####......# #.. .#
#....# ######.# #..


There were no monsters in sight!

Vanquished Creatures
  3 adders (D:2)
  3 dart slugs (D:2)
  3 ball pythons (D:1)
  An endoplasm (D:1)
  3 giant cockroaches
  7 goblins
  3 hobgoblins
  3 kobolds
  2 quokkas
  4 bats
  3 frilled lizards
  3 rats
38 creatures vanquished.

Vanquished Creatures (others)
  A frilled lizard (D:2)
1 creature vanquished.

Grand Total: 39 creatures vanquished

Notes
Turn   | Place    | Note
-------+----------+-------------------------------------------
     0 | D:1      | klau3 the Human Gladiator began the quest for the Orb.
     0 | D:1      | Reached XP level 1. HP: 16/16 MP: 1/1
   118 | D:1      | Reached skill level 1 in Armour
   140 | D:1      | Reached XP level 2. HP: 16/22 MP: 2/2
   706 | D:1      | Reached XP level 3. HP: 26/27 MP: 3/3
  1333 | D:2      | Reached skill level 1 in Maces & Flails
  1333 | D:2      | Reached XP level 4. HP: 33/33 MP: 4/4
  1815 | D:2      | Found a runed translucent door.
  1816 | D:2      | Noticed Crazy Yiuf
  1918 | D:2      | HP: 1/33 [poisoned by an adder]
  1919 | D:2      | Succumbed to an adder's poison

Illustrated notes

Levels and vault maps discovered:
D:1:      saegor_arrival_simple_b, layout_basic, wad_floor_pattern_1
D:2:      layout_loops_ring, dk_vineyard_2, chequers_serial_rivers_room_b,
          uniq_crazy_yiuf_cottage
D:3:      layout_loops_ring, basic_ecumenical_altar, uniq_grinder

Skill      XL: |  1  2  3 |
---------------+----------+-----
Armour         | 1 |  1.8
Maces & Flails | 1 |  1.5
Fighting       | |  2.2
Short Blades   | |  3.2
Throwing       | |  2.1
Dodging        | |  3.4
Shields        | |  0.2

Action                   |  1- 3 |  4- 6 || total
-------------------------+-------+-------++-------
Melee: Rapier            |    67 |       ||    67
       Punch             |     1 |       ||     1
       Mace              |    26 |    28 ||    54
Evoke: Wand              |       |     1 ||     1
Armor: Leather armour    |    33 |    15 ||    48
Dodge: Dodged            |    57 |    27 ||    84
Block: Kite shield       |    24 |    25 ||    49
